 Dungeon Crawl Stone Soup version 0.29.1-1-gd02db6906a (webtiles) character file.

Game seed: 11515080289972006735

1302 RascalDebosk the Magician (level 8, 0/59 HPs)
             Began as a Djinni Venom Mage on Oct 22, 2022.
             Slain by an orc
             ... wielding a +0 flail
              (4 damage)
             ... on level 6 of the Dungeon on Oct 23, 2022.
             The game lasted 00:51:38 (6932 turns).

RascalDebosk the Magician (Djinni Venom Mage)       Turns: 6932, Time: 00:51:39

Health: 0/59       AC:  8    Str:  7    XL:     8   Next: 87%
Gold:   196        EV: 11    Int: 18    God:
                   SH: 10    Dex: 21

rFire   + + .      SeeInvis +   g - +0 long sword (vamp)
rCold   x . .      Faith    .   w - +0 kite shield
rNeg    . . .      Spirit   .   s - +2 robe of Amorality {rPois MP+9 SInv}
rPois   ∞          Reflect  .   C - +0 helmet
rElec   .          Harm     .   x - +2 cloak {Will+}
rCorr   .          Rampage  .   (no gloves)
Will    +....                   (boots unavailable)
Stlth   ++........              B - amulet of the acrobat
HPRegen 0.19/turn               f - +6 ring of dexterity
MPRegen 0.00/turn               A - ring of wizardry

@: flying
A: sickness immunity, fire resistance 2, cold vulnerability 1, float, innate
caster, HP casting, extra vitality 1
a: no special abilities


You were on level 6 of the Dungeon.
You visited 1 branch of the dungeon, and saw 6 of its levels.

You collected 196 gold pieces.

Inventory:

Hand Weapons
 g - a +0 vampiric long sword (weapon)
Armour
 a - a +0 robe
 s - the +2 robe of Amorality (worn) {rPois MP+9 SInv}
   (You found it on level 2 of the Dungeon)

   rPois:     It protects you from poison.
   MP:        It affects your magic capacity (+9).
   SInv:      It lets you see invisible.
 w - a +0 kite shield (worn)
 x - a +2 cloak of willpower (worn)
 C - a +0 helmet (worn)
Magical Staves
 h - a staff of air
Jewellery
 c - a ring of resist corrosion
 e - a ring of see invisible
 f - a +6 ring of dexterity (left hand)
 k - a ring of willpower
 q - the ring of Darkness {rC+ Str+6}
   (You found it on level 2 of the Dungeon)

   [ring of strength]

   Str:       It affects your strength (+6).
   rC:        It protects you from cold.
 y - a ring of protection from fire
 A - a ring of wizardry (right hand)
 B - an amulet of the acrobat (around neck)
Wands
 D - a wand of charming (7)
 G - a wand of flame (14)
Scrolls
 b - a scroll of poison {unknown}
 i - 2 scrolls of identify
 m - 2 scrolls of amnesia
 n - 2 scrolls of noise {unknown}
 o - 2 scrolls of immolation {unknown}
 p - 2 scrolls of brand weapon
 r - 2 scrolls of enchant weapon {unknown}
 t - 3 scrolls of teleportation
 z - a scroll of fog {unknown}
 E - a scroll of enchant armour {unknown}
 F - 2 scrolls of magic mapping {unknown}
 I - a scroll of summoning {unknown}
 J - 2 scrolls of silence {unknown}
 K - a scroll of vulnerability {unknown}
Potions
 d - a potion of might {unknown}
 j - a potion of attraction
 l - a potion of heal wounds {unknown}
 u - 3 potions of curing
 v - 2 potions of degeneration
 H - a potion of haste {unknown}
 L - a potion of cancellation {unknown}


   Skills:
 + Level 5.0 Fighting
 - Level 2.1 Dodging
 - Level 1.5 Stealth
 + Level 3.9 Shields
 * Level 6.3 Spellcasting


You had 3 spell levels left.
You knew the following spells:

 Your Spells              Type           Power      Damage    Failure   Level
a - Sting                 Tmut/Pois      100%       1d8       1%          1
b - Poisonous Vapours     Pois/Air       56%        N/A       1%          2
c - Mephitic Cloud        Conj/Pois/Air  28%        N/A       3%          3
d - Olgreb's Toxic Radia  Pois           28%        N/A       11%         4
e - Magic Dart            Conj           100%       1d8       1%          1
f - Blink                 Tloc           56%        N/A       1%          2
g - Tukima's Dance        Hex            28%        N/A       3%          3
Your spell library was empty.

Dungeon Overview and Level Annotations

Branches:
Dungeon (6/15)
 Temple: D:4-7

Altars:
Qazlal
Ru
Zin

Shops:
D:3 [


Innate Abilities, Weirdness & Mutations

You are immune to sickness and miasma.
You are immune to poison.
Your flesh is very heat resistant. (rF++)
You are vulnerable to cold. (rC-)
You float through the air rather than walking.
You learn spells naturally, not from books.
Your magical power is your life essence.
You have superior vitality. (+4 MHP)


Message History

The orc wizard is almost dead.
You hear a howl!
You hear a shout! x3
An orc comes into view. It is wielding a +0 club.
The orc is engulfed in noxious fumes.
The orc throws a boomerang.
The boomerang closely misses the orc wizard.
The boomerang barely misses you.
You hit the orc wizard but do no damage.
The orc wizard is almost dead.
You block the orc's attack.
The orc is engulfed in noxious fumes.
The orc appears confused.
The orc barely misses the orc wizard.
The orc wizard barely misses you.
The orc is engulfed in noxious fumes.
The orc appears confused.
The orc closely misses the orc.
The orc barely misses you.
The orc wizard gestures at you while chanting.
The magic dart hits you!
You closely miss the orc wizard.
The orc wizard is almost dead.
The orc hits you with a +0 flail. The orc closely misses you.
The orc wizard misses you.
The orc is engulfed in noxious fumes.
The orc appears confused.
The orc hits the orc wizard with a +0 short sword.
The orc wizard is killed!
You closely miss the orc.
The orc is heavily wounded.
You block the orc's attack. The orc hits you with a +0 flail.
The orc is engulfed in noxious fumes.
The orc appears confused.
An orc wizard comes into view. It is wielding a +0 dagger.
You block the orc's attack.
You catch the helpless orc completely off-guard!
You hit the orc.
You feel better.
The orc is lightly wounded.
The orc hits you but does no damage. The orc misses you.
An orc comes into view.
It is wielding a +0 hand axe and quivering silver boomerangs.
The orc hits you with a +0 flail. You block the orc's attack. x3
The orc hits itself but does no damage.
You catch the helpless orc completely off-guard!
You hit the orc.
The orc is almost dead.
You block the orc's attack. x3
You hit the orc but do no damage.
The orc is almost dead.
You block the orc's attack. The orc barely misses you.
You block the orc's attack.
The orc wizard casts a spell.
The orc wizard flickers and vanishes for a moment.
The orc closely misses you. The orc completely misses you.
The orc hits you but does no damage. x2
You strike the helpless orc from behind!
You slash the orc!
You kill the orc!
You block the orc's attack. The orc hits you but does no damage.
You slash the orc!
You kill the orc!
You block the orc's attack. The orc misses you. You block the orc's attack.
The orc hits you with a +0 flail!
You barely miss the orc wizard. You block the orc's attack.
The orc closely misses you.
The orc wizard hits you but does no damage.
You closely miss the orc wizard. The orc barely misses you.
The orc closely misses you.
The orc wizard hits you but does no damage.
You block the orc's attack. You block the orc wizard's attack.
The orc hits you but does no damage. x2
You closely miss the orc wizard. You block the orc's attack.
The orc hits you with a +0 hand axe.
* * * LOW HITPOINT WARNING * * *
You block the orc's attack.
The orc wizard hits you but does no damage.
The orc wizard hits you with a +0 dagger.
* * * LOW HITPOINT WARNING * * *
The orc hits you with a +0 club.
* * * LOW HITPOINT WARNING * * *
You block the orc's attack. The orc hits you with a +0 flail.
* * * LOW HITPOINT WARNING * * *
You closely miss the orc wizard. The orc hits you with a +0 flail.
* * * LOW HITPOINT WARNING * * *
The orc hits you but does no damage. You block the orc's attack.
The orc wizard completely misses you.
You hit the orc wizard.
The orc wizard is moderately wounded.
You block the orc's attack. x3
The orc wizard hits you but does no damage.
The orc wizard hits you with a +0 dagger.
* * * LOW HITPOINT WARNING * * *
You block the orc's attack. The orc closely misses you.
The orc hits you with a +0 club.
* * * LOW HITPOINT WARNING * * *
You barely miss the orc wizard.
The orc wizard is moderately wounded.
You block the orc's attack. x2; The orc hits you but does no damage.
The orc wizard casts a spell at you. You resist with almost no effort.
You barely miss the orc wizard.
The orc wizard is moderately wounded.
The orc barely misses you. x2; The orc hits you with a +0 club.
* * * LOW HITPOINT WARNING * * *
The orc wizard hits you but does no damage.
The orc wizard closely misses you. You block the orc's attack.
The orc hits you with a +0 flail.
You die...

#.†.>#.#.# #....#.#.# #.
....# #....#.#.# #.#
....# #....#.#.####.#
....# ##...#......#.#
....#
.....#......#.#+#....###
.....#..................
##...#.........ooo......
...............o@)......
#...............########
......###########
....### ###.# ....#
##..# #...# #...#


You could see an orc wizard (invisible) and 3 orcs.

Vanquished Creatures
  Sigmund (D:3)
  Eustachio (D:4)
  Menkaure (D:6)
  A black bear (D:4)
  An ogre (D:5)
  A phantom (D:4)
  A kobold brigand (D:6)
  2 scorpions (D:5)
  Crazy Yiuf (D:3)
  2 hounds (D:5)
  2 orc priests (D:4)
  2 iguanas (D:5)
  2 orc wizards
  Robin (D:4)
  8 adders
  2 white imps (D:5)
  2 ufetubi (D:6)
  A worm (D:2)
  3 dart slugs
  11 orcs
  7 endoplasms
  12 goblins
  8 hobgoblins
  A quokka (D:3)
  3 ball pythons
  6 bats
  5 frilled lizards
  7 kobolds
  6 rats
  A bush (D:3)
102 creatures vanquished.

Vanquished Creatures (others)
  A fungus (D:3)
1 creature vanquished.

Grand Total: 103 creatures vanquished

Notes
Turn   | Place    | Note
-------+----------+-------------------------------------------
     0 | D:1      | RascalDebosk the Djinni Venom Mage began the quest for the
                  | Orb.
     0 | D:1      | RascalDebosk set off with the following spells memorised:
                  | Sting, Poisonous Vapours, Mephitic Cloud, Olgreb's Toxic
                  | Radiance.
     0 | D:1      | Reached XP level 1. HP: 15/15 MP: 0/0
   497 | D:1      | Reached XP level 2. HP: 21/22 MP: 0/0
  1390 | D:2      | Reached skill level 1 in Fighting
  1390 | D:2      | Reached skill level 3 in Spellcasting
  1390 | D:2      | Reached XP level 3. HP: 15/27 MP: 0/0
  1390 | D:2      | Learned a level 1 spell: Magic Dart
  1525 | D:2      | Identified the ring of Darkness {rC+ Str+6}
  1715 | D:2      | Identified the +2 robe of Amorality {rPois MP+9 SInv}
  1900 | D:2      | Found a sacrificial altar of Ru.
  2170 | D:2      | Reached XP level 4. HP: 28/32 MP: 0/0
  2610 | D:3      | Noticed Sigmund
  2633 | D:3      | Killed Sigmund
  2634 | D:3      | Reached skill level 4 in Spellcasting
  2634 | D:3      | Reached XP level 5. HP: 11/40 MP: 0/0
  2634 | D:3      | Learned a level 2 spell: Blink
  2634 | D:3      | Reached XP level 6. HP: 13/45 MP: 0/0
  3006 | D:3      | Found Xihiz's Antique Armour Emporium.
  3743 | D:3      | Found a runed translucent door.
  3744 | D:3      | Noticed Crazy Yiuf
  3754 | D:3      | Killed Crazy Yiuf
  4065 | D:4      | Noticed Robin
  4084 | D:4      | Reached skill level 1 in Shields
  4084 | D:4      | Reached XP level 7. HP: 9/50 MP: 0/0
  4084 | D:4      | Learned a level 3 spell: Tukima's Dance
  4084 | D:4      | Killed Robin
  4517 | D:4      | Found a stormy altar of Qazlal.
  4568 | D:4      | Reached skill level 5 in Spellcasting
  4916 | D:4      | Noticed Eustachio
  4933 | D:4      | Killed Eustachio
  4934 | D:4      | Reached XP level 8. HP: 23/58 MP: 0/0
  5344 | D:5      | Entered Level 5 of the Dungeon
  6130 | D:5      | Found a glowing silver altar of Zin.
  6347 | D:6      | Noticed Menkaure
  6358 | D:6      | Killed Menkaure
  6359 | D:6      | Reached skill level 6 in Spellcasting
  6633 | D:6      | Reached skill level 5 in Fighting
  6932 | D:6      | Slain by an orc

Illustrated notes

Levels and vault maps discovered:
D:1:      dpeg_arrival_ternary, layout_basic
D:2:      layout_loops_ring, basic_altar, hangedman_abyss_or_decor_stabs,
          kennysheep_generic_room_3
D:3:      layout_basic, serial_shops, nicolae_diamond_shop, chequers_arboretum,
          uniq_crazy_yiuf_cottage, uniq_sigmund
D:4:      layout_basic, mainiacjoe_overflow_boulevard, minivault_23,
          uniq_eustachio, uniq_robin
D:5:      layout_rooms, mainiacjoe_overflow_concentric_impassable,
          minmay_misc_feat_doors, kennysheep_windowed_goal
D:6:      minmay_polygon_palace, layout_basic, uniq_menkaure

Skill      XL: |  1  2  3  4  5  6  7  8 |
---------------+-------------------------+-----
Fighting       | 1 2 3 4 5 |  5.0
Spellcasting   | 3 4 5 6 |  6.3
Shields        | 1 2 3 |  3.9
Dodging        | |  2.1
Stealth        | |  1.5

Action                   |  1- 3 |  4- 6 |  7- 9 || total
-------------------------+-------+-------+-------++-------
Melee: Long sword        |     5 |    97 |    51 ||   153
       Punch             |       |     2 |       ||     2
 Cast: Sting             |    22 |       |     2 ||    24
       Poisonous Vapours |    18 |     9 |    19 ||    46
       Magic Dart        |    28 |    31 |   103 ||   162
       Olgreb's Toxic Ra |       |     4 |     3 ||     7
       Mephitic Cloud    |       |     3 |     3 ||     6
  Use: Scroll            |       |       |     7 ||     7
 Stab: Confused          |       |       |     6 ||     6
       Sleeping          |       |       |     1 ||     1
Armor: Robe              |     5 |    11 |    45 ||    61
Dodge: Dodged            |     9 |    18 |    62 ||    89
Block: Kite shield       |       |     3 |    85 ||    88
